[ AOE2 MATCH · #505254102 ]
UnrankedArmenians vs Burmese
Player's team · LOSS
Rival team · WIN
[ REPLAY ANALYSIS · EXTRACTED FROM THE RECORDED GAME ]
Feudal
9:22
Castle
—
Imperial
—
| APM avg | 65.1 |
| APM peak | 95 |
| eAPM avg | 18.4 |
| Villagers / military | 45 / 18 |
Focus
⚔️ 37.1% · 🌾 62.9%
Archer ×18
Feudal
10:30
Castle
20:20
Imperial
—
| APM avg | 56.5 |
| APM peak | 99 |
| eAPM avg | 19.2 |
| Villagers / military | 50 / 21 |
Focus
⚔️ 28.5% · 🌾 71.5%
Archer ×16 · Militia ×4 · Skirmisher ×1
Match map
Initial resources + every placement click. Lines = walls · curves = elevation contours. ◆ gold · ⬟ stone · ● berries · ✦ relic · ◌ wall gap
Your base· ✓ Closed at 19:12 · 48t walls · no gate
DS_Maulet's base· ✓ Closed at 20:20 · 36t walls · no gate
Smoothed initial terrain · ◌ = detected wall gap · hover for details
Inputs per minute
— AiM | Cronnos - - DS_Maulet
Build order — AiM | Cronnos
115 actions detected in the replay
| 0:00 | Create | Villager (Male) |
| 0:01 | Create | Villager (Male) |
| 0:01 | Create | Villager (Male) |
| 0:02 | Build | House |
| 0:02 | Build | House |
| 0:07 | Create | Villager (Male) |
| 1:20 | Build | Mule Cart |
| 1:29 | Create | Villager (Male) |
| 1:29 | Create | Villager (Male) |
| 2:01 | Create | Villager (Male) |
| 2:01 | Create | Villager (Male) |
| 2:24 | Create | Villager (Male) |
| 2:55 | Create | Villager (Male) |
| 2:56 | Create | Villager (Male) |
| 2:56 | Create | Villager (Male) |
| 3:17 | Create | Villager (Male) |
| 3:17 | Create | Villager (Male) |
| 3:25 | Build | House |
| 3:47 | Create | Villager (Male) |
| 4:12 | Create | Villager (Male) |
| 4:33 | Create | Villager (Male) |
| 4:53 | Create | Villager (Male) |
| 5:16 | Build | Mill |
| 5:24 | Build | House |
| 5:30 | Create | Villager (Male) |
| 5:39 | Create | Villager (Male) |
| 6:18 | Create | Villager (Male) |
| 6:36 | Research | Loom |
| 7:10 | Build | Mule Cart |
| 7:12 | Research | Feudal Age |
| 7:39 | Build | Palisade Wall |
| 7:40 | Build | Palisade Wall |
| 8:17 | Create | Villager (Male) |
| 8:19 | Build | Barracks |
| 8:54 | Create | Villager (Male) |
| 9:20 | Build | House |
| 9:22 | Age | Feudal Age |
| 9:33 | Build | Archery Range |
| 9:47 | Build | Palisade Wall |
| 9:48 | Create | Villager (Male) |
| 9:51 | Build | House |
| 10:16 | Create | Villager (Male) |
| 10:27 | Research | Double-Bit Axe |
| 10:32 | Build | Palisade Wall |
| 10:37 | Create | Archer |
| 10:37 | Create | Archer |
| 10:38 | Build | Palisade Wall |
| 10:40 | Create | Villager (Male) |
| 10:53 | Build | Palisade Wall |
| 10:53 | Build | Palisade Wall |
| 11:00 | Create | Villager (Male) |
| 11:04 | Build | Palisade Wall |
| 11:07 | Create | Villager (Male) |
| 11:26 | Create | Villager (Male) |
| 11:58 | Create | Villager (Male) |
| 12:00 | Create | Archer |
| 12:09 | Build | House |
| 12:11 | Build | Farm |
| 12:13 | Build | Farm |
| 12:36 | Build | Farm |
| 12:37 | Create | Villager (Male) |
| 12:53 | Create | Archer |
| 12:53 | Create | Archer |
| 13:13 | Build | Farm |
| 13:31 | Create | Archer |
| 13:36 | Create | Villager (Male) |
| 13:39 | Build | Farm |
| 13:57 | Create | Villager (Male) |
| 13:58 | Create | Archer |
| 14:01 | Build | Farm |
| 14:10 | Build | House |
| 14:27 | Create | Villager (Male) |
| 14:31 | Build | Palisade Wall |
| 14:36 | Create | Villager (Male) |
| 14:38 | Create | Archer |
| 14:42 | Build | Farm |
| 15:03 | Create | Villager (Male) |
| 15:09 | Build | Farm |
| 15:12 | Build | Farm |
| 15:20 | Build | House |
| 15:21 | Create | Villager (Male) |
| 15:27 | Create | Archer |
| 15:35 | Build | Palisade Wall |
| 15:43 | Create | Villager (Male) |
| 15:59 | Create | Villager (Male) |
| 16:05 | Build | Blacksmith |
| 16:16 | Create | Villager (Male) |
| 16:22 | Create | Archer |
| 16:37 | Build | Mule Cart |
| 16:48 | Build | House |
| 16:49 | Research | Fletching |
| 16:51 | Create | Archer |
| 17:03 | Build | House |
| 17:11 | Create | Archer |
| 17:16 | Create | Villager (Male) |
| 17:20 | Build | Farm |
| 17:31 | Create | Archer |
| 17:43 | Create | Villager (Male) |
| 17:47 | Build | Farm |
| 17:57 | Create | Archer |
| 18:01 | Build | Palisade Wall |
| 18:05 | Create | Villager (Male) |
| 18:11 | Create | Archer |
| 18:18 | Build | Farm |
| 18:36 | Create | Villager (Male) |
| 18:46 | Build | Farm |
| 19:12 | Research | Castle Age |
| 19:12 | Research | Castle Age |
| 19:18 | Build | Archery Range |
| 19:27 | Build | Market |
| 19:31 | Build | House |
| 19:55 | Create | Archer |
| 19:55 | Create | Archer |
| 20:10 | Create | Villager (Male) |
| 20:23 | Create | Archer |
Build order — DS_Maulet
126 actions detected in the replay
| 0:00 | Create | Villager (Male) |
| 0:01 | Create | Villager (Male) |
| 0:01 | Create | Villager (Male) |
| 0:01 | Create | Villager (Male) |
| 0:01 | Create | Villager (Male) |
| 0:02 | Build | House |
| 0:04 | Build | House |
| 1:28 | Create | Villager (Male) |
| 1:53 | Build | Lumber Camp |
| 1:57 | Create | Villager (Male) |
| 1:58 | Create | Villager (Male) |
| 2:15 | Create | Villager (Male) |
| 2:15 | Create | Villager (Male) |
| 2:47 | Create | Villager (Male) |
| 2:47 | Create | Villager (Male) |
| 2:48 | Create | Villager (Male) |
| 3:06 | Create | Villager (Male) |
| 3:06 | Create | Villager (Male) |
| 3:33 | Create | Villager (Male) |
| 3:49 | Build | House |
| 3:51 | Create | Villager (Male) |
| 3:52 | Create | Villager (Male) |
| 4:17 | Create | Villager (Male) |
| 4:17 | Create | Villager (Male) |
| 4:18 | Create | Villager (Male) |
| 4:42 | Create | Villager (Male) |
| 4:58 | Create | Villager (Male) |
| 5:02 | Build | Barracks |
| 5:24 | Create | Villager (Male) |
| 5:24 | Create | Villager (Male) |
| 5:40 | Build | House |
| 5:54 | Create | Villager (Male) |
| 6:12 | Create | Militia |
| 6:22 | Create | Villager (Male) |
| 6:25 | Create | Militia |
| 6:29 | Build | Mill |
| 6:42 | Create | Villager (Male) |
| 6:57 | Build | House |
| 7:14 | Create | Villager (Male) |
| 7:16 | Research | Loom |
| 8:11 | Research | Feudal Age |
| 8:17 | Build | Mining Camp |
| 8:52 | Build | House |
| 9:01 | Create | Villager (Male) |
| 9:25 | Create | Militia |
| 9:36 | Build | Mill |
| 9:50 | Create | Militia |
| 9:57 | Create | Villager (Male) |
| 10:30 | Age | Feudal Age |
| 10:33 | Research | Man-at-Arms (upgrade) |
| 10:34 | Create | Villager (Male) |
| 10:37 | Build | Archery Range |
| 10:39 | Create | Villager (Male) |
| 10:42 | Build | Farm |
| 10:55 | Create | Villager (Male) |
| 10:59 | Build | House |
| 11:53 | Create | Villager (Male) |
| 11:55 | Create | Archer |
| 12:01 | Build | Farm |
| 12:03 | Build | Farm |
| 12:04 | Create | Archer |
| 12:06 | Build | House |
| 12:09 | Build | Farm |
| 12:13 | Build | Farm |
| 12:14 | Create | Villager (Male) |
| 12:17 | Build | House |
| 12:21 | Build | Palisade Wall |
| 12:32 | Create | Villager (Male) |
| 12:35 | Build | Farm |
| 12:37 | Create | Archer |
| 12:40 | Build | Palisade Wall |
| 12:44 | Create | Villager (Male) |
| 12:57 | Build | Farm |
| 13:05 | Create | Villager (Male) |
| 13:06 | Create | Archer |
| 13:12 | Build | Palisade Wall |
| 13:19 | Build | Farm |
| 13:34 | Build | Farm |
| 13:58 | Create | Villager (Male) |
| 14:00 | Build | Farm |
| 14:09 | Create | Villager (Male) |
| 14:11 | Build | House |
| 14:14 | Create | Archer |
| 14:39 | Build | Blacksmith |
| 14:41 | Build | Palisade Wall |
| 14:43 | Build | Palisade Wall |
| 14:47 | Create | Villager (Male) |
| 14:55 | Create | Villager (Male) |
| 15:03 | Create | Archer |
| 15:07 | Build | Farm |
| 15:12 | Create | Archer |
| 15:24 | Research | Fletching |
| 15:27 | Create | Villager (Male) |
| 15:31 | Build | Farm |
| 15:44 | Create | Villager (Male) |
| 16:01 | Create | Archer |
| 16:14 | Create | Archer |
| 16:23 | Create | Archer |
| 16:25 | Create | Villager (Male) |
| 16:39 | Build | House |
| 16:40 | Build | House |
| 16:47 | Build | Farm |
| 16:52 | Create | Villager (Male) |
| 16:58 | Build | Palisade Wall |
| 17:07 | Build | Archery Range |
| 17:37 | Research | Wheelbarrow |
| 17:40 | Research | Castle Age |
| 17:43 | Create | Archer |
| 17:55 | Create | Skirmisher |
| 18:00 | Build | House |
| 18:14 | Research | Padded Archer Armor |
| 18:16 | Create | Villager (Male) |
| 18:17 | Create | Archer |
| 18:19 | Research | Gold Mining |
| 18:34 | Create | Archer |
| 18:36 | Build | Lumber Camp |
| 18:45 | Create | Archer |
| 18:47 | Create | Villager (Male) |
| 19:23 | Build | Lumber Camp |
| 19:31 | Create | Archer |
| 19:36 | Create | Archer |
| 20:20 | Age | Castle Age |
| 20:21 | Research | Crossbowman (upgrade) |
| 20:22 | Research | Bodkin Arrow |
| 20:24 | Create | Villager (Male) |
| 20:26 | Build | University |
Match timeline
| 5:02 | DS_Maulet · first_building Barracks |
| 7:39 | AiM | Cronnos · wall_segment Palisade Wall x1 |
| 7:40 | AiM | Cronnos · wall_segment Palisade Wall x1 |
| 8:19 | AiM | Cronnos · first_building Barracks |
| 9:22 | AiM | Cronnos · age_up feudal |
| 9:33 | AiM | Cronnos · first_building Archery Range |
| 9:47 | AiM | Cronnos · wall_segment Palisade Wall x1 |
| 10:30 | DS_Maulet · age_up feudal |
| 10:32 | AiM | Cronnos · wall_segment Palisade Wall x4 |
| 10:37 | DS_Maulet · first_building Archery Range |
| 10:38 | AiM | Cronnos · wall_segment Palisade Wall x1 |
| 10:53 | AiM | Cronnos · wall_segment Palisade Wall x14 |
| 10:53 | AiM | Cronnos · wall_segment Palisade Wall x1 |
| 11:04 | AiM | Cronnos · wall_segment Palisade Wall x2 |
| 12:21 | DS_Maulet · wall_segment Palisade Wall x9 |
| 12:40 | DS_Maulet · wall_segment Palisade Wall x4 |
| 13:12 | DS_Maulet · wall_segment Palisade Wall x6 |
| 14:31 | AiM | Cronnos · wall_segment Palisade Wall x6 |
| 14:41 | DS_Maulet · wall_segment Palisade Wall x9 |
| 14:43 | DS_Maulet · wall_segment Palisade Wall x7 |
| 15:35 | AiM | Cronnos · wall_segment Palisade Wall x7 |
| 16:58 | DS_Maulet · wall_segment Palisade Wall x5 |
| 18:01 | AiM | Cronnos · wall_segment Palisade Wall x10 |
| 20:20 | DS_Maulet · age_up castle |
| 20:27 | AiM | Cronnos · resign |
[ AI ANALYSIS · 1 CREDIT ]
What really happened in this match?
Wolo.gg analyzes every decision: build order, eco, micro, common mistakes by bracket. Personalized analysis on WhatsApp or Discord in 30 seconds.
Civ guide
Armenians
Perfil
Jugador #2945876